 Dungeon Crawl Stone Soup version 0.16.1-11-g651b585 (webtiles) character file.

758 jacksonaction the Grasshopper (level 7, -3/45 HPs)
             Began as an Octopode Warper on Apr 7, 2015.
             Shot with an arrow by a centaur (12 damage)
             ... on level 3 of the Dungeon.
             The game lasted 00:44:04 (6214 turns).

jacksonaction the Grasshopper (Octopode Warper)     Turns: 6214, Time: 00:44:04

Health: -3/45      AC:  1    Str: 10    XL:     7   Next: 80%
Magic:  12/12      EV: 14    Int: 16    God:
Gold:   160        SH:  0    Dex: 13    Spells: 3 memorised, 4 levels left

rFire  . . .     SeeInvis .     a - +0 short sword
rCold  . . .     Clarity  .     (no shield)
rNeg   . . .     SustAb   .     (helmet restricted)
rPois  .         Gourm    .     (no amulet)
rElec  .         Spirit   .     (no ring)
rCorr  .         Warding  .     (no ring)
rMut   .         Stasis   .     (no ring)
MR     .....                    (no ring)
Stlth  ++++......               (no ring)
                                (no ring)
                                (no ring)
                                (no ring)

@: not resistant to hostile enchantments, stealthy
A: almost no armour, amphibious, 8 rings, constrict 8, camouflage 1, gelatinous
body 1
a: no special abilities


You were on level 3 of the Dungeon.
You were not hungry.

You visited 1 branch of the dungeon, and saw 3 of its levels.

You collected 160 gold pieces.

Inventory:

Hand weapons
 a - a +0 short sword (weapon)
Missiles
 e - 5 tomahawks of dispersal
 v - 2 tomahawks
 w - 2 throwing nets
 x - 30 stones (quivered)
Armour
 l - a +0 shield
 r - a +0 shield
Jewellery
 n - a cursed ring of protection from fire {unknown}
 s - an uncursed ring of protection from magic {unknown}
Magical devices
 u - a wand of enslavement (5)
Scrolls
 d - a scroll of blinking
 g - 5 scrolls of identify
 i - 2 scrolls of teleportation
 o - a scroll of enchant armour {unknown}
 q - a scroll of fog {unknown}
 y - a scroll of enchant weapon
Potions
 b - a potion of haste {unknown}
 h - a potion of poison {unknown}
 m - a potion of agility
 p - a potion of curing {unknown}
Books
 c - a book of Spatial Translocations

   Spells                             Type                      Level
   a - Apportation                    Translocation                1
   b - Blink                          Translocation                2
   c - Shroud of Golubria             Charms/Translocation         2
   d - Portal Projectile              Translocation                3
   e - Teleport Other                 Translocation                3
   f - Passage of Golubria            Translocation                4
Comestibles
 f - 3 bread rations
 j - 2 chunks of flesh
 k - a beef jerky
 t - a meat ration


   Skills:
 - Level 2.0 Fighting
 - Level 5.0 Short Blades
 - Level 1.0 Throwing
 + Level 4.5 Dodging
 - Level 3.1 Stealth
 - Level 2.0 Spellcasting
 - Level 6.0 Translocations


You had 4 spell levels left.
You knew the following spells:

 Your Spells              Type           Power        Failure   Level  Hunger
a - Apportation           Tloc           ###.......   1%          1    #......
b - Blink                 Tloc           N/A          2%          2    ###....
c - Teleport Other        Tloc           ###.....     6%          3    ###....


Dungeon Overview and Level Annotations

Branches:
Dungeon (3/15)

Altars:


Innate Abilities, Weirdness & Mutations

You cannot wear most types of armour.
You are amphibious.
You can wear up to eight rings at the same time.
You can use your tentacles to constrict many enemies at once.
Your skin changes colour to match your surroundings (Stealth).
Your rubbery body absorbs attacks (AC +1).


Message History

The gnoll is severely wounded.
You constrict the gnoll. The gnoll hits you with a halberd!!
You hit the gnoll but do no damage.
The gnoll is almost dead.
You constrict the gnoll. The gnoll completely misses you.
You hit the gnoll.
You kill the gnoll!
You hear a splash. x2
Things that are here:
a halberd; a leather armour; a hobgoblin corpse You start resting.
Some of the chunks of flesh in your inventory have rotted away.
You start resting.
A centaur comes into view.
The centaur wields a shortbow.
The centaur shoots an arrow.
The arrow hits you!
* * * LOW HITPOINT WARNING * * *
You hear a splash.
You see here an arrow.
The centaur shoots an arrow.
The arrow hits you!
You die...

'..................'....'.#.≈≈≈.#
#########''##############.#.≈≈(..
.#######....#######.....#.#.≈≈≈##
)'.....)....'.....'.....#.#.≈≈≈..
.#######..).#######.....#'###≈≈##
########''''#############...#≈≈#
..........).............#...#≈≈#
≈≈≈≈)≈)≈....≈≈≈≈≈≈)≈≈≈≈≈#####≈≈#
≈≈≈≈≈≈≈≈....≈≈≈≈@(≈≈≈≈≈≈≈≈≈≈≈≈≈#
≈≈≈≈≈≈≈≈....≈≈≈≈≈≈≈≈≈≈≈≈≈≈≈≈≈≈≈#
.........)...................P.#
####.####.#....................#
...#.####....####..............#
##.......##.....#c.#...#.#######
....>###...........#####.# ####.#
####.......## ##.## .....#
#.......# #...# #


You could see a centaur.

Vanquished Creatures
  2 gnoll shamans (D:3)
  2 orc wizards (D:3)
  45 gnolls (D:3)
  5 adders
  3 worms
  A giant gecko (D:3)
  An ooze (D:1)
  9 orcs (D:3)
  A ball python (D:3)
  2 giant cockroaches
  18 hobgoblins
  24 jackals
  9 kobolds
  13 bats
  5 giant newts
  12 goblins
  17 rats
  A plant (D:3)
170 creatures vanquished.

Notes
Turn   | Place    | Note
--------------------------------------------------------------
     0 | D:1      | jacksonaction, the Octopode Warper, began the quest for the Orb.
     0 | D:1      | Reached XP level 1. HP: 14/14 MP: 3/3
    44 | D:1      | Reached XP level 2. HP: 16/19 MP: 4/4
   571 | D:1      | Reached XP level 3. HP: 22/24 MP: 6/6
   941 | D:1      | Learned a level 2 spell: Blink
  1111 | D:1      | Reached skill level 4 in Short Blades
  1285 | D:2      | Learned a level 3 spell: Teleport Other
  1396 | D:2      | Reached skill level 1 in Stealth
  1396 | D:2      | Reached XP level 4. HP: 29/29 MP: 7/7
  2354 | D:3      | Reached XP level 5. HP: 19/34 MP: 9/9
  3372 | D:3      | Reached XP level 6. HP: 32/39 MP: 10/10
  3379 | D:3      | Reached skill level 5 in Translocations
  3908 | D:3      | Reached skill level 6 in Translocations
  4135 | D:3      | Reached XP level 7. HP: 27/45 MP: 12/12
  4515 | D:3      | Reached skill level 5 in Short Blades
  6214 | D:3      | Shot with an arrow by a centaur

Action                   |  1- 3 |  4- 6 |  7- 9 || total
-------------------------+-------+-------+-------++-------
Melee: Short sword       |    96 |   249 |   175 ||   520
Throw: Tomahawk          |       |     3 |       ||     3
       Stone             |       |       |     4 ||     4
  Use: Scroll            |       |       |     3 ||     3
 Stab: Sleeping          |     1 |    10 |     1 ||    12
       Distracted        |       |       |     1 ||     1
  Eat: Chunk             |     1 |     9 |     7 ||    17
